 Dungeon Crawl Stone Soup version 0.30.1-6-gbe392663c4 (webtiles) character file.

Game seed: 8882053461435818519

28 NullDivider the Stinger (level 3, -4/21 HPs)
             Began as an Octopode Venom Mage on Sept 20, 2023.
             Slain by a gnoll
             ... wielding a +0 flail
              (5 damage)
             ... on level 2 of the Dungeon.
             The game lasted 00:02:52 (875 turns).

NullDivider the Stinger (Octopode Venom Mage)        Turns: 875, Time: 00:02:53

Health: -4/21      AC:  1    Str:  7    XL:     3   Next: 14%
Magic:  1/6        EV: 13    Int: 17    God:
Gold:   58         SH:  0    Dex: 14    Spells: 3/6 levels left

rFire   . . .        (no weapon)
rCold   . . .        (no shield)
rNeg    . . .        (helmet restricted)
rPois   +            (no amulet)
rElec   .            f - ring of poison resistance
rCorr   .            (no ring)
SInv    .            (no ring)
Will    .....        (no ring)
Stlth   +++          (no ring)
HPRegen 0.23/turn    (no ring)
MPRegen 0.10/turn    (no ring)
                     (no ring)

%: no passive effects
@: no status effects
A: almost no armour, amphibious, 8 rings, camouflage 1, gelatinous body 1,
(nimble swimmer 1), tentacles
a: no special abilities


You were on level 2 of the Dungeon.
You visited 1 branch of the dungeon, and saw 2 of its levels.

You collected 58 gold pieces.

Inventory:

Jewellery
 f - a ring of poison resistance (left tentacle)
Scrolls
 b - 3 scrolls of identify {unknown}
 c - a scroll of noise {unknown}
 d - a scroll of immolation {unknown}
 e - a scroll of blinking {unknown}
 g - a scroll of magic mapping {unknown}
Potions
 a - a potion of magic


   Skills:
 + Level 2.4 Dodging
 + Level 3.3 Stealth
 + Level 2.3 Spellcasting
 - Level 1.0 Transmutations
 + Level 0.6 Air Magic
 + Level 4.0 Poison Magic


You had 3 spell levels left.
You knew the following spells:

 Your Spells              Type           Power      Damage    Failure   Level
a - Sting                 Tmut/Pois      40%        1d5       7%          1
b - Poisonous Vapours     Pois/Air       18%        N/A       11%         2

Your spell library contained the following spells:

 Spells                   Type           Power      Damage    Failure   Level
 Mephitic Cloud           Conj/Pois/Air  7%         N/A       30%         3
 Olgreb's Toxic Radiance  Pois           15%        N/A       34%         4


Dungeon Overview and Level Annotations

Branches:
Dungeon (2/15)

Altars:


Innate Abilities, Weirdness & Mutations

You cannot wear most types of armour.
You are amphibious.
You can wear up to eight rings at the same time.
Your skin changes colour to match your surroundings (Stealth+).
Your rubbery body absorbs attacks. (AC +1, EV +1)
((You are camouflaged when in or above water. (Stealth+)))
You have tentacles for arms and can constrict up to eight enemies at once.


Message History

Aim: a gnoll, wielding a +0 spear Poisonous vapours surround the gnoll!
The gnoll is poisoned.
The gnoll closely misses you.
A gnoll comes into view. It is wielding a +0 flail.
The gnoll barely misses you.
You closely miss the gnoll. You grab the gnoll.
The gnoll is lightly wounded.
You constrict the gnoll, but do no damage.
The gnoll hits you with a +0 spear.
You completely miss the gnoll.
The gnoll is moderately wounded.
You constrict the gnoll. The gnoll barely misses you.
You tentacle-slap the gnoll but do no damage.
You squeeze the gnoll!
You kill the gnoll!
Your Poison Magic skill increases to level 4!
You have reached level 3!
Your experience leads to an increase in your attributes!
Increase (S)trength, (I)ntelligence, or (D)exterity?
You feel agile. x2
You tentacle-slap the gnoll. Your grab misses the gnoll.
The gnoll is lightly wounded.
The gnoll hits you with a +0 flail!
Your magical contamination has completely faded away.
You tentacle-slap the gnoll. You grab the gnoll.
The gnoll is moderately wounded.
You constrict the gnoll. The gnoll closely misses you.
You completely miss the gnoll.
The gnoll is moderately wounded.
You constrict the gnoll, but do no damage.
The gnoll hits you with a +0 flail!
Ouch! That really hurt!
* * * LOW HITPOINT WARNING * * *
You tentacle-slap the gnoll.
The gnoll is moderately wounded.
You constrict the gnoll. The gnoll misses you.
You tentacle-slap the gnoll but do no damage.
The gnoll is moderately wounded.
You constrict the gnoll. The gnoll hits you with a +0 flail.
You die...

.###. #.
....## #.
....# .# #.
# #...... .
. #.##...#.
.#.. .......
...#
####...# #..
#.....g##.#
#.....@†.##
#....#....#
##.#.#####.#
# # #


You could see a gnoll.

Vanquished Creatures
  A gnoll (D:2)
  An endoplasm (D:1)
  4 giant cockroaches (D:1)
  2 hobgoblins (D:1)
  A kobold (D:1)
  A quokka (D:1)
  3 bats
  3 frilled lizards (D:1)
  2 rats (D:1)
18 creatures vanquished.

Notes
Turn   | Place    | Note
-------+----------+-------------------------------------------
     0 | D:1      | NullDivider the Octopode Venom Mage began the quest for the
                  | Orb.
     0 | D:1      | Reached XP level 1. HP: 11/11 MP: 3/3
   474 | D:1      | Reached XP level 2. HP: 16/17 MP: 5/5
   481 | D:1      | Learned a level 2 spell: Poisonous Vapours
   871 | D:2      | Reached skill level 4 in Poison Magic
   871 | D:2      | Reached XP level 3. HP: 20/21 MP: 1/6
   873 | D:2      | HP: 1/21 [gnoll/+0 flail (11)]
   875 | D:2      | Slain by a gnoll

Illustrated notes

Levels and vault maps discovered:
D:1:      dpeg_arrival_circle_labyrinth_c, layout_rooms, minmay_tromino_v7
D:2:      layout_loops_ring, dreamdust_wishing_well

Skill      XL: |  1  2 |
---------------+-------+-----
Stealth        | 3 |  3.3
Poison Magic   | 4 |  4.0
Dodging        | |  2.4
Spellcasting   | |  2.3
Transmutations | |  1.0
Air Magic      | |  0.6

Action                     || total
---------------------------++-------
  Melee: Unarmed           ||    71
         Constrict         ||    14
         Tentacles         ||    13
   Cast: Sting             ||     8
         Poisonous Vapours ||     1
   Stab: Sleeping          ||    10
 Armour: Skin              ||     6
  Dodge: Dodged            ||    42
